 Dungeon Crawl Stone Soup version 0.32-a0-886-g41c5271027 (webtiles) character file.

Game seed: 11293469304039695819

54 mopl the Apothecary (level 3, -1/21 HPs)
             Began as an Octopode Alchemist on Apr 2, 2024.
             Succumbed to an adder's poison
             ... on level 3 of the Dungeon.
             The game lasted 00:01:39 (1324 turns).

mopl the Apothecary (Octopode Alchemist)            Turns: 1324, Time: 00:01:40

Health: -1/21      AC:  1    Str:  7    XL:     3   Next: 91%
Magic:  1/7        EV: 12    Int: 19    God:
Gold:   143        SH:  0    Dex: 18    Spells: 6/7 levels left

rFire   . . .        (no weapon)
rCold   . . .        (no shield)
rNeg    . . .        (helmet restricted)
rPois   .            (no amulet)
rElec   .            f - +6 ring of dexterity
rCorr   .            (no ring)
SInv    .            (no ring)
Will    .....        (no ring)
Stlth   +++          (no ring)
HPRegen 0.23/turn    (no ring)
MPRegen 0.10/turn    (no ring)
                     (no ring)

%: no passive effects
@: lethally poisoned (-1 -> -8)
A: almost no armour, amphibious, 8 rings, camouflage 1, gelatinous body 1,
(nimble swimmer 1), tentacles
a: no special abilities


You were on level 3 of the Dungeon.
You visited 1 branch of the dungeon, and saw 3 of its levels.

You collected 143 gold pieces.

Inventory:

Jewellery
 f - a +6 ring of dexterity (left tentacle)
Scrolls
 b - 3 scrolls of identify {unknown}
 c - a scroll of revelation {unknown}
 g - a scroll of immolation {unknown}
 j - a scroll of amnesia {unknown}
Potions
 a - a potion of magic
 d - a potion of heal wounds {unknown}
 e - a potion of mutation {unknown}
 h - a potion of resistance {unknown}
 i - a potion of might {unknown}
 k - a potion of enlightenment {unknown}


   Skills:
 - Level 2.0 Dodging
 - Level 2.6 Stealth
 + Level 2.7 Spellcasting
 + Level 2.1 Conjurations
 + Level 4.0 Alchemy


You had 6 spell levels left.
You knew the following spells:

 Your Spells              Type           Power      Damage    Failure   Level
a - Sting                 Conj/Alch      56%        1d6       4%          1

Your spell library contained the following spells:

 Spells                   Type           Power      Damage    Failure   Level
 Mercury Vapours          Alch/Air       20%        N/A       11%         2
 Slow                     Hex            8%         N/A       16%         1
 Momentum Strike          Conj/Tloc      12%        3d8       16%         2
 Mephitic Cloud           Conj/Alch/Air  10%        N/A       21%         3
 Blink                    Tloc           4%         N/A       24%         2
 Lesser Beckoning         Tloc           4%         N/A       24%         2
 Olgreb's Toxic Radiance  Alch           17%        N/A       30%         4
 Call Canine Familiar     Summ           2%         N/A       43%         3
 Confusing Touch          Hex            2%         N/A       43%         3
 Sigil of Binding         Hex            2%         N/A       43%         3
 Vampiric Draining        Necr           2%         2d6       43%         3
 Sticky Flame             Fire/Alch      10%        2d5       56%         4
 Dimensional Bullseye     Hex/Tloc       1%         N/A       83%         4


Dungeon Overview and Level Annotations

Branches:
Dungeon (3/15)

Altars:


Innate Abilities, Weirdness & Mutations

You cannot wear most types of armour.
You are amphibious.
You can wear up to eight rings at the same time.
Your skin changes colour to match your surroundings (Stealth+).
Your rubbery body absorbs attacks. (AC +1, EV +1)
((You are camouflaged when in or above water. (Stealth+)))
You have tentacles for arms and can constrict up to eight enemies at once.


Message History

You kill the bat!
The adder hisses angrily.
The sting hits the bat.
The bat is poisoned.
You kill the bat!
A ball python comes into view.
The sting hits the adder but does no damage.
The adder is poisoned.
The sting misses the adder.
The adder bites you.
You are poisoned.
The adder poisons you!
The sting hits the adder.
The adder looks even sicker.
The adder is moderately wounded.
You feel sick. The adder completely misses you.
The sting hits the adder.
The adder looks even sicker.
The adder is severely wounded.
You feel sick. The adder bites you.
You are out of magic!
You are out of magic!
You tentacle-slap the adder but do no damage.
Your grab misses the adder.
The adder is severely wounded.
You feel sick. The adder bites you.
You are more poisoned.
The adder poisons you! The ball python closely misses you.
The ball python grabs you. The ball python constricts you. The adder bites you.
You are lethally poisoned!
The adder poisons you! The ball python bites you.
The ball python constricts you.
You escape the ball python's grasp.
* * * LOW HITPOINT WARNING * * *
You feel very sick.
There is an open door here.
Unknown command.
* * * LOW HITPOINT WARNING * * *
You feel very sick.
You kill the adder!
Your Alchemy skill increases to level 4!
Unknown command.
You close the door.
You die...

#....~.⌠.~.(..
#..$.~.(.~....
+....~.~~~...###
#.....⌠......#.#
#......†....##.#
###.........##..## #
#.##..†S†.###....#####
#.####+####....#......
#.#..@.# #.).........
#.#####.#.####
#..##.###.##
#.........# #..#.##
##.#
#######..########...##
##. #.............# #.
##.########...## ##.
#.# #.##.## ##.# #.#
#.###.###... #.# #.#
##...#.#


There were no monsters in sight!

Vanquished Creatures
  2 adders
  2 dart slugs
  An orc (D:3)
  6 bats
  3 endoplasms
  3 goblins (D:2)
  3 hobgoblins
  2 kobolds (D:3)
  3 ball pythons (D:2)
  2 frilled lizards
  6 rats
33 creatures vanquished.

Notes
Turn   | Place    | Note
-------+----------+-------------------------------------------
     0 | D:1      | mopl the Octopode Alchemist began the quest for the Orb.
     0 | D:1      | Reached XP level 1. HP: 11/11 MP: 3/3
   160 | D:1      | You fall into a shaft and drop 1 floor!
   226 | D:1      | Reached XP level 2. HP: 17/17 MP: 0/5
   599 | D:2      | Found a faded altar of an unknown god.
   652 | D:2      | Reached XP level 3. HP: 21/21 MP: 1/6
  1175 | D:3      | Reached skill level 2 in Conjurations
  1323 | D:3      | HP: 1/21 [poisoned by an adder]
  1324 | D:3      | Reached skill level 4 in Alchemy
  1324 | D:3      | Succumbed to an adder's poison

Illustrated notes

Levels and vault maps discovered:
D:1:      minmay_arrival_solitary_statue, layout_loops_cross
D:2:      layout_loops_cross, hellmonk_ecumenical_altar_arch_garden
D:3:      layout_loops_ring, kennysheep_potato

Skill      XL: |  1  2  3 |
---------------+----------+-----
Conjurations   | 2 |  2.1
Alchemy        | 4 |  4.0
Dodging        | |  2.0
Stealth        | |  2.6
Spellcasting   | |  2.7

Action                     || total
---------------------------++-------
  Melee: Unarmed           ||    15
         Tentacles         ||     4
         Constrict         ||     6
   Cast: Sting             ||    57
   Stab: Sleeping          ||     1
 Armour: Skin              ||    18
  Dodge: Dodged            ||    18

Table legend: (Time is in decaauts)
 A = Elapsed time spent in this place.
 B = Non-inter-level travel time spent in this place.
 C = Inter-level travel time spent in this place.
 D = Time resting spent in this place.
 E = Time spent auto-exploring this place.
 F = Levels seen in this place.
 G = Mean time per level.
                   A        B        C        D        E       F      G
               +--------+--------+--------+--------+--------+-----+--------+
         Total |   1322 |   1275 |     47 |     25 |   1031 |   3 |  440.7 |
       Dungeon |   1322 |   1275 |     47 |     25 |   1031 |   3 |  440.7 |
               +--------+--------+--------+--------+--------+-----+--------+

Top non-repeatable levels by time:
     D:2: 621 daAuts
     D:1: 535 daAuts
     D:3: 165 daAuts
